3AA
AKRON BLIMPS @ BELVEDERE PARK RAWHIDES
09/18/2038
 
TOP OF THE 1ST
Akron Blimps batting - Pitching for Belvedere Park Rawhides : RHP Phil Steur
Pitching: RHP Phil Steur
Batting: RHB Ernest Franks 0-0: SINGLE (Groundball, 25, EV 73.8 MPH) (infield hit)
Batting: RHB Tom Camden 0-0: Ball
1-0: Foul Ball, location: 2F
1-1: Foul Ball, location: 2F
1-2: Ball
2-2: Strikes out swinging
Batting: LHB Danny Rodríguez 0-0: Called Strike
0-1: Swinging Strike
0-2: Strikes out looking
Batting: SHB Jhett Larson 0-0: Ball
1-0: Ball
2-0: Called Strike
2-1: Foul Ball, location: 2F
2-2: Fly out, F7 (Flyball, 7S, EV 76.9 MPH)
Top of the 1st over - 0 runs, 1 hit, 0 errors, 1 left on base; Akron 0 - Belvedere Park 0
BOTTOM OF THE 1ST
Belvedere Park Rawhides batting - Pitching for Akron Blimps : RHP Odmar van Hees
Pitching: RHP Odmar van Hees
Batting: RHB Colt Allen 0-0: Ball
1-0: Ball
2-0: Called Strike
2-1: Bunt missed!
2-2: Ball
3-2: Base on Balls
Batting: RHB Jun-soo Yi 0-0: DOUBLE (Flyball, 8LXD, EV 88.8 MPH)
Colt Allen to third
Batting: SHB Yeow-whye Zhu 0-0: Called Strike
0-1: Foul Ball, location: 2F
0-2: Ground out 6-3 (Groundball, 6S, EV 71.9 MPH)
Colt Allen scores
Jun-soo Yi to third
Batting: RHB Edgar Wright 0-0: Foul Ball, location: 2F
0-1: Swinging Strike
0-2: Foul Ball, location: 2F
0-2: Strikes out looking
Batting: RHB Li-ren Ku 0-0: Called Strike
0-1: Fly out, F8 (Flyball, 8LS, EV 90.6 MPH)
Bottom of the 1st over - 1 run, 1 hit, 0 errors, 1 left on base; Akron 0 - Belvedere Park 1
TOP OF THE 2ND
Akron Blimps batting - Pitching for Belvedere Park Rawhides : RHP Phil Steur
Batting: RHB Paul Bader 0-0: TRIPLE (Line Drive, 8LXD, EV 106.2 MPH)
Pitching: RHP Roy Brown
Batting: RHB Garrett Crocker 0-0: Ball
1-0: Ball
2-0: Ball
3-0: Base on Balls
Batting: RHB Roberto Ramos 0-0: Foul Ball, location: 2F
0-1: Foul Ball, location: 2F
0-2: Ball
1-2: Strikes out swinging
Batting: LHB Walter Butler 0-0: Foul Ball, location: 2F
0-1: Ball
1-1: SINGLE (Groundball, 5D, EV 108.8 MPH)
Paul Bader scores
Garrett Crocker to second
Batting: SHB Donnie Magee 0-0: Called Strike
0-1: Fly out, F8 (Flyball, 89D, EV 103.1 MPH)
Batting: RHB Ernest Franks 0-0: Ball
1-0: Called Strike
1-1: Ball
2-1: Fielders Choice at 2nd, 6-4 (Groundball, 6, EV 104.4 MPH)
Top of the 2nd over - 1 run, 2 hits, 0 errors, 2 left on base; Akron 1 - Belvedere Park 1
BOTTOM OF THE 2ND
Belvedere Park Rawhides batting - Pitching for Akron Blimps : RHP Odmar van Hees
Batting: LHB Abraham Ruenuitz 0-0: Called Strike
0-1: Swinging Strike
0-2: Fly out, F7 (Flyball, 78S, EV 74.4 MPH)
Batting: RHB Tony Randolph 0-0: Called Strike
0-1: Swinging Strike
0-2: Ball
1-2: Ball
2-2: Strikes out swinging
Batting: RHB Aubrey Callahan 0-0: Called Strike
0-1: Foul Ball, location: 2F
0-2: Ball
1-2: Ball
2-2: Foul Ball, location: 2F
2-2: Fly out, F9 (Line Drive, 9, EV 91.9 MPH)
Bottom of the 2nd over - 0 runs, 0 hits, 0 errors, 0 left on base; Akron 1 - Belvedere Park 1
TOP OF THE 3RD
Akron Blimps batting - Pitching for Belvedere Park Rawhides : RHP Roy Brown
Batting: RHB Tom Camden 0-0: SINGLE (Line Drive, 89S, EV 93.8 MPH)
Batting: LHB Danny Rodríguez 0-0: Ball
1-0: Foul Ball, location: 2F
1-1: Swinging Strike
1-2: Ball
2-2: Foul Ball, location: 2F
2-2: Ball
3-2: Hit by Pitch
Tom Camden to second
Batting: SHB Jhett Larson 0-0: Ball
1-0: Called Strike
1-1: Ball
2-1: Foul Ball, location: 2F
2-2: Ball
3-2: Reached on error, E4 (Groundball, 4, EV 88.1 MPH)
Tom Camden to third
Danny Rodríguez to second
Batting: RHB Paul Bader 0-0: Swinging Strike
0-1: Ball
1-1: Foul Ball, location: 2F
1-2: Ball
2-2: Strikes out swinging
Batting: RHB Garrett Crocker 0-0: SINGLE (Groundball, 56D, EV 95.6 MPH)
Tom Camden scores
Danny Rodríguez to third
Jhett Larson to second
Runner from 3rd tries for Home, SAFE, throw by LF to home
Jhett Larson to third
Garrett Crocker to second
Batting: RHB Roberto Ramos 0-0: Ball
1-0: Called Strike
1-1: Foul Ball, location: 2F
1-2: Ball
2-2: Ground out 4-3 (Groundball, 4, EV 82.5 MPH)
Jhett Larson scores
Garrett Crocker to third
Batting: LHB Walter Butler 0-0: Ball
1-0: Called Strike
1-1: Fly out, F9 (Line Drive, 9D, EV 96.2 MPH)
Top of the 3rd over - 3 runs, 2 hits, 1 error, 1 left on base; Akron 4 - Belvedere Park 1
BOTTOM OF THE 3RD
Belvedere Park Rawhides batting - Pitching for Akron Blimps : RHP Odmar van Hees
Batting: RHB Cristóbal Arteaga 0-0: Fly out, F7 (Flyball, 78M, EV 85.6 MPH)
Batting: RHB Colt Allen 0-0: Called Strike
0-1: Called Strike
0-2: Foul Ball, location: 2F
0-2: Ball
1-2: Ball
2-2: Strikes out swinging, 2-3 out at first.
Batting: RHB Jun-soo Yi 0-0: Ball
1-0: Ball
2-0: Ball
3-0: Base on Balls
Batting: SHB Yeow-whye Zhu 0-0: Ball
1-0: Ball
2-0: SINGLE (Line Drive, 89S, EV 96.9 MPH)
Jun-soo Yi to second
Batting: RHB Edgar Wright 0-0: Foul Ball, location: 2F
0-1: Called Strike
0-2: Strikes out looking
Bottom of the 3rd over - 0 runs, 1 hit, 0 errors, 2 left on base; Akron 4 - Belvedere Park 1
TOP OF THE 4TH
Akron Blimps batting - Pitching for Belvedere Park Rawhides : RHP Roy Brown
Batting: SHB Donnie Magee 0-0: Called Strike
0-1: Ball
1-1: Ball
2-1: SINGLE (Line Drive, 78M, EV 101.2 MPH)
Batting: RHB Ernest Franks 0-0: Ball
1-0: Called Strike
1-1: Foul Ball, location: 2F
1-2: Ball
2-2: Fielders Choice at 2nd, 6-4 (Groundball, 6, EV 81.2 MPH)
Batting: RHB Tom Camden 0-0: Swinging Strike
0-1: Swinging Strike
0-2: Ball
1-2: Ball
2-2: Foul Ball, location: 2F
2-2: Foul Ball, location: 2F
2-2: Foul Ball, location: 2F
2-2: Ball
3-2: Base on Balls
Ernest Franks to second
Batting: LHB Danny Rodríguez 0-0: Called Strike
0-1: Swinging Strike
0-2: Ball
1-2: Ball
2-2: Ball
3-2: Base on Balls
Ernest Franks to third
Tom Camden to second
Batting: SHB Jhett Larson 0-0: Called Strike
0-1: Called Strike
0-2: Ball
1-2: Ball
2-2: Grounds into fielders choice 1-2 (Groundball, 34S, EV 93.8 MPH)
Tom Camden to third
Danny Rodríguez to second
Batting: RHB Paul Bader 0-0: Foul Ball, location: 2F
0-1: Foul Ball, location: 2F
0-2: Foul Ball, location: 2F
0-2: Ball
1-2: Ball
2-2: Foul Ball, location: 2F
2-2: Ball
3-2: Foul Ball, location: 2F
3-2: Fly out, F8 (Flyball, 8LXD, EV 101.9 MPH)
Top of the 4th over - 0 runs, 1 hit, 0 errors, 3 left on base; Akron 4 - Belvedere Park 1
BOTTOM OF THE 4TH
Belvedere Park Rawhides batting - Pitching for Akron Blimps : RHP Odmar van Hees
Batting: RHB Li-ren Ku 0-0: Ground out 5-3 (Groundball, 56, EV 89.4 MPH)
Batting: LHB Abraham Ruenuitz 0-0: Ball
1-0: Ground out U3 (Groundball, 3, EV 80.6 MPH)
Batting: RHB Tony Randolph 0-0: Ball
1-0: Called Strike
1-1: Called Strike
1-2: Ball
2-2: Foul Ball, location: 2F
2-2: Foul Ball, location: 2F
2-2: Foul Ball, location: 2F
2-2: Hit by Pitch
Batting: RHB Aubrey Callahan 0-0: Ball
1-0: Ball
2-0: Ball
3-0: Base on Balls
Tony Randolph to second
Batting: RHB Cristóbal Arteaga 0-0: Foul Ball, location: 2F
0-1: Ball
1-1: Called Strike
1-2: Ball
2-2: Ball
3-2: Ground out 6-3 (Groundball, 56, EV 81.2 MPH)
Bottom of the 4th over - 0 runs, 0 hits, 0 errors, 2 left on base; Akron 4 - Belvedere Park 1
TOP OF THE 5TH
Akron Blimps batting - Pitching for Belvedere Park Rawhides : RHP Roy Brown
Batting: RHB Garrett Crocker 0-0: Fly out, F9 (Flyball, 9S, EV 86.2 MPH)
Batting: RHB Roberto Ramos 0-0: Called Strike
0-1: Ground out U3 (Groundball, 3, EV 77.5 MPH)
Batting: LHB Walter Butler 0-0: Called Strike
0-1: Ball
1-1: Ball
2-1: Ball
3-1: SINGLE (Groundball, 5D, EV 95.0 MPH)
Pitching: LHP Elliot Rickard
Batting: SHB Donnie Magee 0-0: Ball
1-0: Ball
2-0: Ball
3-0: Base on Balls
Walter Butler to second
Batting: RHB Ernest Franks 0-0: Fielders Choice at 2nd, 6-4 (Groundball, 6, EV 95.0 MPH)
Top of the 5th over - 0 runs, 1 hit, 0 errors, 2 left on base; Akron 4 - Belvedere Park 1
BOTTOM OF THE 5TH
Belvedere Park Rawhides batting - Pitching for Akron Blimps : RHP Odmar van Hees
Batting: RHB Colt Allen 0-0: Called Strike
0-1: Called Strike
0-2: Fly out, F8 (Flyball, 8LM, EV 75.6 MPH)
Batting: RHB Jun-soo Yi 0-0: Ball
1-0: Swinging Strike
1-1: Ball
2-1: Foul Ball, location: 2F
2-2: Foul Ball, location: 2F
2-2: Foul Ball, location: 2F
2-2: Fly out, F9 (Flyball, 89M, EV 81.9 MPH)
Batting: SHB Yeow-whye Zhu 0-0: Ball
1-0: Ball
2-0: Foul Ball, location: 2F
2-1: Ball
3-1: Base on Balls
Batting: RHB Edgar Wright 0-0: DOUBLE (Flyball, 78D, EV 111.2 MPH)
Yeow-whye Zhu to third
Batting: RHB Li-ren Ku 0-0: Ground out 4-3 (Groundball, 4MD, EV 105.6 MPH)
Bottom of the 5th over - 0 runs, 1 hit, 0 errors, 2 left on base; Akron 4 - Belvedere Park 1
TOP OF THE 6TH
Akron Blimps batting - Pitching for Belvedere Park Rawhides : LHP Elliot Rickard
Batting: RHB Tom Camden 0-0: Ball
1-0: Ball
2-0: Ball
3-0: Called Strike
3-1: Base on Balls
Batting: LHB Danny Rodríguez 0-0: Called Strike
0-1: Ball
1-1: Swinging Strike
1-2: Ball
2-2: Fielders Choice at 2nd, 6-4 (Groundball, 6, EV 78.8 MPH)
Batting: SHB Jhett Larson 0-0: Foul Ball, location: 2F
0-1: Ball
1-1: Ball
2-1: Called Strike
2-2: Strikes out swinging
Batting: RHB Paul Bader 0-0: Ball
1-0: Called Strike
1-1: Ball
2-1: Ball
3-1: Foul Ball, location: 2F
3-2: Fly out, F8 (Flyball, 8RM, EV 77.5 MPH)
Top of the 6th over - 0 runs, 0 hits, 0 errors, 1 left on base; Akron 4 - Belvedere Park 1
BOTTOM OF THE 6TH
Belvedere Park Rawhides batting - Pitching for Akron Blimps : RHP Odmar van Hees
Batting: LHB Abraham Ruenuitz 0-0: Ball
1-0: Foul Ball, location: 2F
1-1: Called Strike
1-2: Ball
2-2: Ground out 4-3 (Groundball, 4, EV 90.6 MPH)
Batting: RHB Tony Randolph 0-0: Ball
1-0: SINGLE (Line Drive, 9LS, EV 113.1 MPH)
Batting: RHB Aubrey Callahan 0-0: Ball
1-0: Swinging Strike
1-1: Foul Ball, location: 2F
1-2: Strikes out swinging
Batting: RHB Cristóbal Arteaga 0-0: Ball
1-0: Ground out 5-3 (Groundball, 5L, EV 101.2 MPH)
Bottom of the 6th over - 0 runs, 1 hit, 0 errors, 1 left on base; Akron 4 - Belvedere Park 1
TOP OF THE 7TH
Akron Blimps batting - Pitching for Belvedere Park Rawhides : LHP Elliot Rickard
Batting: RHB Garrett Crocker 0-0: Ball
1-0: Ball
2-0: Ball
3-0: Base on Balls
Batting: RHB Roberto Ramos 0-0: Ball
1-0: Sac Bunt to 25 - play at first, batter OUT! 5-4
Garrett Crocker to second
Batting: LHB Walter Butler 0-0: Swinging Strike
0-1: Swinging Strike
0-2: Foul Ball, location: 2F
0-2: Foul Ball, location: 2F
0-2: Ball
1-2: Foul Ball, location: 2F
1-2: Strikes out looking
Batting: SHB Donnie Magee 0-0: Called Strike
0-1: Called Strike
0-2: Ball
1-2: Foul Ball, location: 2F
1-2: Ball
2-2: Strikes out swinging
Top of the 7th over - 0 runs, 0 hits, 0 errors, 1 left on base; Akron 4 - Belvedere Park 1
BOTTOM OF THE 7TH
Belvedere Park Rawhides batting - Pitching for Akron Blimps : RHP Odmar van Hees
Batting: RHB Colt Allen 0-0: Foul Ball, location: 2F
0-1: Ball
1-1: Ball
2-1: Ball
3-1: Ground out U3 (Groundball, 3, EV 98.1 MPH)
Pitching: RHP Vicente López
Batting: RHB Jun-soo Yi 0-0: DOUBLE (Line Drive, 3D, EV 109.4 MPH)
Batting: SHB Yeow-whye Zhu 0-0: Ball
1-0: Fly out, F7 (Flyball, 7, EV 75.0 MPH)
Batting: RHB Edgar Wright 0-0: Ball
1-0: Ball
Wild Pitch!
Jun-soo Yi to third
2-0: Ground out 6-3 (Groundball, 6S, EV 87.5 MPH)
Bottom of the 7th over - 0 runs, 1 hit, 0 errors, 1 left on base; Akron 4 - Belvedere Park 1
TOP OF THE 8TH
Akron Blimps batting - Pitching for Belvedere Park Rawhides : LHP Elliot Rickard
Batting: RHB Ernest Franks 0-0: Foul Ball, location: 2F
0-1: Ball
1-1: Swinging Strike
1-2: Ball
2-2: Strikes out swinging
Batting: RHB Tom Camden 0-0: Called Strike
0-1: Called Strike
0-2: Ball
1-2: Ball
2-2: Fly out, F7 (Flyball, 7LS, EV 95.0 MPH)
Batting: LHB Danny Rodríguez 0-0: Fly out, F8 (Line Drive, 8LM, EV 93.1 MPH)
Top of the 8th over - 0 runs, 0 hits, 0 errors, 0 left on base; Akron 4 - Belvedere Park 1
BOTTOM OF THE 8TH
Belvedere Park Rawhides batting - Pitching for Akron Blimps : RHP Vicente López
Batting: RHB Li-ren Ku 0-0: Ground out 4-3 (Groundball, 4S, EV 84.4 MPH)
Batting: LHB Abraham Ruenuitz 0-0: Foul Ball, location: 2F
0-1: Called Strike
0-2: Strikes out swinging
Batting: RHB Tony Randolph 0-0: Ball
1-0: Foul Ball, location: 2F
1-1: Foul Ball, location: 2F
1-2: Ball
2-2: Foul Ball, location: 2F
2-2: Foul Ball, location: 2F
2-2: Strikes out swinging
Bottom of the 8th over - 0 runs, 0 hits, 0 errors, 0 left on base; Akron 4 - Belvedere Park 1
TOP OF THE 9TH
Akron Blimps batting - Pitching for Belvedere Park Rawhides : LHP Elliot Rickard
Batting: SHB Jhett Larson 0-0: Foul Ball, location: 2F
0-1: Foul Ball, location: 2F
0-2: Ball
1-2: Ball
2-2: Foul Ball, location: 2F
2-2: Ground out 1-3 (Groundball, P, EV 88.8 MPH)
Batting: RHB Paul Bader 0-0: Ball
1-0: Fly out, F9 (Flyball, 9, EV 88.1 MPH)
Batting: RHB Garrett Crocker 0-0: Ball
1-0: Ball
2-0: Ground out 5-3 (Groundball, 56S, EV 85.0 MPH)
Top of the 9th over - 0 runs, 0 hits, 0 errors, 0 left on base; Akron 4 - Belvedere Park 1
BOTTOM OF THE 9TH
Belvedere Park Rawhides batting - Pitching for Akron Blimps : RHP Vicente López
Pitching: RHP Oakland Scanlan
Batting: RHB Aubrey Callahan 0-0: Called Strike
0-1: Called Strike
0-2: Strikes out looking
Batting: RHB Cristóbal Arteaga 0-0: SINGLE (Groundball, 4MD, EV 106.2 MPH)
Batting: RHB Colt Allen 0-0: Called Strike
0-1: Ball
1-1: Ball
2-1: Foul Ball, location: 2F
2-2: Fielders Choice at 2nd, 1-6 (Groundball, 34S, EV 89.4 MPH)
Batting: RHB Jun-soo Yi 0-0: Ball
1-0: Ball
2-0: Called Strike
2-1: SINGLE (Line Drive, 34D, EV 100.6 MPH)
Colt Allen to second
Batting: SHB Yeow-whye Zhu 0-0: Foul Ball, location: 2F
0-1: Ball
1-1: Foul Ball, location: 2F
1-2: Ball
2-2: SINGLE (Groundball, 4MD, EV 105.0 MPH)
Colt Allen to third
Jun-soo Yi to second
Batting: RHB Edgar Wright 0-0: Foul Ball, location: 2F
0-1: Ground out 4-3 (Groundball, 4, EV 95.0 MPH)
Bottom of the 9th over - 0 runs, 3 hits, 0 errors, 3 left on base; Akron 4 - Belvedere Park 1
Friday, April 17th, 2020 - OOTP Baseball 20.8 Build 74